 Dungeon Crawl Stone Soup version 0.18.1-48-g4cf74bf (webtiles) character file.

269 hairmachine the Poker (level 6, -4/44 HPs)
             Began as a Demonspawn Gladiator on July 2, 2016.
             Was an Initiate of Okawaru.
             Slain by an iron imp (8 damage)
             ... summoned by Natasha
             ... on level 3 of the Dungeon.
             The game lasted 00:11:45 (2553 turns).

hairmachine the Poker (Demonspawn Gladiator)        Turns: 2553, Time: 00:11:46

Health: -4/44      AC:  9    Str: 17    XL:     6   Next: 1%
Magic:  6/6        EV:  7    Int: 10    God:    Okawaru [......]
Gold:   95         SH:  0    Dex: 13    Spells: 0 memorised, 5 levels left

rFire  . . .     SeeInvis .     a - +0 trident
rCold  + . .     Gourm    .     v - +0 chain mail
rNeg   . . .     Faith    .     (no shield)
rPois  .         Spirit   .     (helmet restricted)
rElec  .         Dismiss  .     (no cloak)
rCorr  .         Reflect  .     (no gloves)
SustAt .         Harm     .     h - +0 pair of boots
MR     .....                    (no amulet)
Stlth  ..........               (no ring)
                                (no ring)

@: slowed, very slow, not resistant to hostile enchantments, extremely
unstealthy
A: antennae 1, cold resistance 1, demonic guardian 1, freezing cloud immunity
a: Renounce Religion


You were on level 3 of the Dungeon.
You worshipped Okawaru.
Okawaru was noncommittal.
You were not hungry.

You visited 1 branch of the dungeon, and saw 3 of its levels.

You collected 95 gold pieces.

Inventory:

Hand Weapons
 a - a +0 trident (weapon)
Missiles
 d - 3 throwing nets
 k - 3 tomahawks (quivered)
Armour
 b - a +0 leather armour
 h - a +0 pair of boots (worn)
 v - a +0 chain mail (worn)
Jewellery
 r - an uncursed ring of stealth {unknown}
 t - a +3 ring of evasion {unknown}
Wands
 y - a wand of flame (16/48)
Scrolls
 j - a scroll of identify {unknown}
 m - a scroll of enchant armour {unknown}
 o - 2 scrolls of magic mapping {unknown}
 q - a scroll of immolation {unknown}
 w - a scroll of fear {unknown}
 z - 4 scrolls of remove curse {unknown}
Potions
 e - a potion of magic
 l - a potion of resistance {unknown}
 s - a potion of mutation {unknown}
 u - a potion of heal wounds {unknown}
 x - a potion of might {unknown}
Comestibles
 c - 10 chunks of flesh
 f - 2 bread rations
 g - a slice of pizza
 i - 3 meat rations
 n - 2 fruits


   Skills:
 - Level 2.0 Fighting
 + Level 6.1 Polearms
 - Level 1.7 Throwing
 - Level 2.6 Dodging


You had 5 spell levels left.
You didn't know any spells.

Dungeon Overview and Level Annotations

Branches:
Dungeon (3/15)

Altars:
Ashenzari
Dithmenos
Kikubaaqudgha
Okawaru
Ru
Vehumet

Annotations:
D:3 Natasha


Innate Abilities, Weirdness & Mutations

You have a pair of small antennae on your head.
Your flesh is cold resistant.
A weak demonic guardian rushes to your aid.
You are immune to freezing clouds.


Message History

Something claws you but does no damage. The iron imp hits you!
* * * LOW HITPOINT WARNING * * *
Your quasit bites the iron imp but does no damage.
Your quasit claws the iron imp but does no damage.
Your quasit closely misses the iron imp.
Something closely misses your quasit.
Something completely misses your quasit.
Your quasit bites the iron imp but does no damage.
Your quasit barely misses the iron imp.
Your quasit completely misses the iron imp.
Something closely misses your quasit.
Your quasit bites the iron imp but does no damage.
Your quasit claws the iron imp but does no damage.
Your quasit barely misses the iron imp.
A magic dart appears from out of thin air!
The magic dart hits your quasit.
Your quasit bites the iron imp but does no damage.
Your quasit claws the iron imp but does no damage.
Your quasit barely misses the iron imp.
The iron imp hits you!
You die...

+#... ..#+# ## ..#.. ..#
..#.# #.# ..#<# #.#
..#.######.#######
.................#
..............##.#
#..>...........#@#
#.#####........#5# #.#
#........#5# #.#
#.......##.######## #.#
#.......+..........
#.#####.......###5######
#.........<...5{.......#
............###.####....#
#######.........# ###


You could see an iron imp, a friendly iron imp and a friendly quasit.

Vanquished Creatures
  2 vampire bats (D:2)
  Ijyb (D:2)
  Natasha (D:3)
  3 gnolls (D:2)
  3 adders
  An ooze (D:1)
  2 worms
  3 dart slugs
  2 giant geckos (D:2)
  4 orcs (D:3)
  9 bats
  4 bat skeletons (D:2)
  3 bat zombies (D:2)
  3 giant cockroaches
  6 goblins
  3 hobgoblins
  4 jackals (D:1)
  4 kobolds
  2 giant newts (D:2)
  5 rats
65 creatures vanquished.

Vanquished Creatures (collateral kills)
  A gnoll (D:2)
  A goblin (D:2)
2 creatures vanquished.

Grand Total: 67 creatures vanquished

Notes
Turn   | Place    | Note
--------------------------------------------------------------
     0 | D:1      | hairmachine the Demonspawn Gladiator began the quest for the Orb.
     0 | D:1      | Reached XP level 1. HP: 16/16 MP: 1/1
    50 | D:1      | Reached skill level 3 in Polearms
    58 | D:1      | Gained mutation: You have a pair of small antennae on your head. [demonic ancestry]
    58 | D:1      | Reached XP level 2. HP: 16/22 MP: 2/2
   661 | D:2      | Reached XP level 3. HP: 27/27 MP: 3/3
   678 | D:2      | Found a shattered altar of Ashenzari.
   759 | D:2      | Reached skill level 4 in Polearms
   881 | D:2      | Found a shadowy altar of Dithmenos.
  1020 | D:2      | Found a radiant altar of Vehumet.
  1160 | D:2      | Gained mutation: A weak demonic guardian rushes to your aid. [demonic ancestry]
  1160 | D:2      | Reached XP level 4. HP: 24/33 MP: 4/4
  1377 | D:2      | Found an iron altar of Okawaru.
  1385 | D:2      | Became a worshipper of Warmaster Okawaru
  1646 | D:2      | Found an ancient bone altar of Kikubaaqudgha.
  1658 | D:2      | Reached skill level 5 in Polearms
  1658 | D:2      | Gained mutation: Your flesh is cold resistant. [demonic ancestry]
  1658 | D:2      | Reached XP level 5. HP: 28/38 MP: 5/5
  1822 | D:2      | Found a sacrificial altar of Ru.
  1826 | D:2      | Noticed Ijyb
  1854 | D:2      | Killed Ijyb
  2334 | D:3      | Found a sacrificial altar of Ru.
  2421 | D:3      | Reached skill level 6 in Polearms
  2507 | D:3      | Noticed Natasha
  2514 | D:3      | Killed Natasha
  2514 | D:3      | Gained mutation: You are immune to freezing clouds. [demonic ancestry]
  2514 | D:3      | Reached XP level 6. HP: 31/44 MP: 6/6
  2524 | D:3      | Noticed Natasha
  2553 | D:3      | Slain by an iron imp

Skill      XL: |  1  2  3  4  5 |
---------------+----------------+-----
Polearms       | 3 4 5 6 |  6.1
Fighting       | |  2.0
Throwing       | |  1.7
Dodging        | |  2.6

Action                   |  1- 3 |  4- 6 || total
-------------------------+-------+-------++-------
Melee: Trident           |   106 |   169 ||   275
Throw: Throwing net      |     5 |     4 ||     9
       Tomahawk          |       |     5 ||     5
  Use: Potion            |       |     4 ||     4
 Stab: Sleeping          |     2 |       ||     2
  Eat: Chunk             |     1 |     5 ||     6
Armor: Leather armour    |    27 |    38 ||    65
       Chain mail        |       |    44 ||    44
Dodge: Dodged            |    80 |   108 ||   188
